 Dungeon Crawl Stone Soup version 0.32-a0-666-ge8a88695a4 (webtiles) character file.

Game seed: 8106840032728037052

87 cforsyth the Grave Robber (level 4, 0/36 HPs)
             Began as a Mountain Dwarf Necromancer on Mar 9, 2024.
             Slain by a cerulean imp
             ... wielding a +2 spear
             ... summoned by Natasha
              (6 damage)
             ... on level 2 of the Dungeon.
             The game lasted 00:02:31 (1557 turns).

cforsyth the Grave Robber (MDNe)                    Turns: 1557, Time: 00:02:32

Health: 0/36       AC:  0    Str: 13    XL:     4   Next: 28%
Magic:  2/6        EV: 18    Int: 15    God:
Gold:   123        SH:  0    Dex: 15    Spells: 5/6 levels left

rFire   . . .        e - melded +1 long sword (protect)
rCold   . . .        (shield currently unavailable)
rNeg    . . .        d - melded +0 plate armour
rPois   .            (helmet currently unavailable)
rElec   .            (cloak currently unavailable)
rCorr   .            (gloves currently unavailable)
SInv    .            (boots currently unavailable)
Will    .....        (no amulet)
Stlth   ++           (ring currently unavailable)
HPRegen 0.26/turn    (ring currently unavailable)
MPRegen 0.10/turn

%: no passive effects
@: bat-form (expiring), flying, slowed, quick
A: fast, flying, no casting, tiny, runic magic, artefact enchanting
a: no special abilities


You were on level 2 of the Dungeon.
You were a bat.
You visited 1 branch of the dungeon, and saw 2 of its levels.

You collected 123 gold pieces.


Innate Abilities, Weirdness & Mutations

You are a bat.
You are tiny and dextrous.
You move quickly.
You are flying.
Your equipment is almost entirely melded.
You are incapable of wielding weapons or throwing items.
You cannot cast spells.
Your spellcasting is much less encumbered by armour.
You can use scrolls of enchantment on lesser artefacts.


   Skills:
 + Level 2.2 Fighting
 + Level 1.7 Axes
 + Level 1.6 Armour
 - Level 1.3 Dodging
 - Level 1.4 Stealth
 - Level 1.7 Spellcasting
 + Level 5.1 Necromancy


You had 5 spell levels left.
You knew the following spells:

 Your Spells              Type           Power      Damage    Failure   Level
X - Necrotise             Necr           64%        1d7       2%          1

Your spell library contained the following spells:

 Spells                   Type           Power      Damage    Failure   Level
 Fugue of the Fallen      Necr           16%        N/A       9%          3
 Vampiric Draining        Necr           16%        2d7       9%          3
 Freeze                   Ice            4%         1d3       22%         1
 Animate Dead             Necr           16%        N/A       28%         4
 Ensorcelled Hibernation  Hex/Ice        2%         N/A       34%         2
 Frozen Ramparts          Ice            2%         1d1       56%         3
 Hailstorm                Conj/Ice       1%         3d5       56%         3
 Anguish                  Hex/Necr       4%         N/A       61%         4
 Curse of Agony           Necr           16%        N/A       61%         5

Inventory:

Hand Weapons
 e - a +1 long sword of protection (melded)
Armour
 d - a +0 plate armour (melded)
Jewellery
 I - a +6 ring of intelligence
Scrolls
 a - 2 scrolls of identify {unknown}
 c - a scroll of poison {unknown}
 f - 3 scrolls of enchant armour {unknown}
 g - a scroll of amnesia {unknown}
 i - a scroll of revelation {unknown}
 j - a scroll of blinking {unknown}
 k - a scroll of fear {unknown}
Potions
 b - 2 potions of magic
 h - a potion of haste {unknown}
 l - a potion of degeneration {unknown}

Dungeon Overview and Level Annotations

Branches:
Dungeon (2/15)

Altars:

Annotations:
D:2 Natasha

#.##..##..............
#.##.###.#.#..........
#....# #.#............
#..### #.#.........†..
#..#####.#............
####...#...[.............
#........##........##.##.
#..##...##....# #...##.###
#. ##...#b.#..####.....#
.. .........#...........##
.
..........5.5..........##
........##................
..........................
........##...............#
...## #...............#
... #...............#
..................


You could see a cerulean imp (summoned).


Message History

Natasha is heavily wounded.
Natasha mewls in sadness.
Natasha barely misses you. The cerulean imp closely misses you.
Natasha closely misses you.
You hit Natasha but do no damage.
Natasha is heavily wounded.
The cerulean imp disappears in a puff of smoke!
Natasha claws you!
* * * LOW HITPOINT WARNING * * *
You can't do that in your present form.
Unknown command.
You can't do that in your present form.
Unknown command.
Natasha hisses.
Natasha attacks as she pursues you! Natasha barely misses you.
Natasha attacks as she pursues you! Natasha claws you!
* * * LOW HITPOINT WARNING * * *
Natasha closely misses you. Natasha casts a spell at you.
You feel as though you will be slow longer.
Natasha casts a spell.
Natasha stares at you and mumbles some strange words.
You resist with some effort.
Natasha stares at you and mumbles some strange words.
The magic dart hits you!
* * * LOW HITPOINT WARNING * * *
Your transformation is almost over.
There is a stone staircase leading up here.
The cerulean imp hits you from afar with a +2 spear.
You die...

Skill      XL: |  1  2  3 |
---------------+----------+-----
Fighting       | 1 2 |  2.2
Axes           | 1 |  1.7
Armour         | 1 |  1.6
Necromancy     | 5 |  5.1
Dodging        | |  1.3
Stealth        | |  1.4
Spellcasting   | |  1.7

Action                     |  1- 3 |  4- 6 || total
---------------------------+-------+-------++-------
  Melee: Unarmed           |    11 |     3 ||    14
         Punch             |     1 |       ||     1
         Long sword        |    16 |     1 ||    17
   Cast: Necrotise         |    47 |     2 ||    49
 Armour: Plate armour      |    41 |     2 ||    43
         Robe              |     1 |       ||     1
         Skin              |     3 |     8 ||    11
  Dodge: Dodged            |     1 |     8 ||     9

Levels and vault maps discovered:
D:1:      lemuel_arrival_hallway, layout_loops_ring,
          dreamdust_ecumenical_altar_statues, roderic_roman_lattice
D:2:      layout_rooms, uniq_natasha

Notes
Turn   | Place    | Note
-------+----------+-------------------------------------------
     0 | D:1      | cforsyth the Mountain Dwarf Necromancer began the quest for
                  | the Orb.
     0 | D:1      | Reached XP level 1. HP: 14/14 MP: 3/3
   256 | D:1      | Reached skill level 1 in Fighting
   443 | D:1      | Reached XP level 2. HP: 23/23 MP: 1/4
   517 | D:1      | Found a faded altar of an unknown god.
  1298 | D:2      | Reached skill level 1 in Axes
  1298 | D:2      | Reached XP level 3. HP: 29/29 MP: 0/5
  1348 | D:2      | Noticed Natasha
  1382 | D:2      | Killed Natasha
  1383 | D:2      | Reached skill level 2 in Fighting
  1383 | D:2      | Reached skill level 1 in Armour
  1383 | D:2      | Reached skill level 5 in Necromancy
  1522 | D:2      | Noticed Natasha
  1528 | D:2      | Killed Natasha
  1529 | D:2      | Reached XP level 4. HP: 36/36 MP: 1/6
  1529 | D:2      | Noticed Natasha
  1557 | D:2      | Slain by a cerulean imp

Vanquished Creatures
  Natasha (twice) (D:2)
  An adder (D:2)
  3 dart slugs (D:1)
  A ribbon worm (D:2)
  2 bats (D:2)
  2 endoplasms (D:1)
  A goblin (D:1)
  A hobgoblin (D:1)
  3 jackals (D:1)
  A kobold (D:1)
  2 ball pythons (D:1)
  A frilled lizard (D:2)
  A rat (D:1)
21 creatures vanquished.

Table legend: (Time is in decaauts)
 A = Elapsed time spent in this place.
 B = Non-inter-level travel time spent in this place.
 C = Inter-level travel time spent in this place.
 D = Time resting spent in this place.
 E = Time spent auto-exploring this place.
 F = Levels seen in this place.
 G = Mean time per level.
                   A        B        C        D        E       F      G
               +--------+--------+--------+--------+--------+-----+--------+
         Total |   1567 |   1529 |     38 |     15 |   1242 |   2 |  783.5 |
       Dungeon |   1567 |   1529 |     38 |     15 |   1242 |   2 |  783.5 |
               +--------+--------+--------+--------+--------+-----+--------+

Top non-repeatable levels by time:
     D:1: 1051 daAuts
     D:2: 516 daAuts

Table legend:
 A = Non-vault XP
 B = Vault XP
 C = Vault XP percentage of total XP
 D = Non-vault monster count
 E = Vault monster count
 F = Vault count percentage of total count
                 A         B        C        D         E       F
            +---------+---------+-------+---------+---------+-------
      Total |      89 |      36 |  28.8 |      20 |       1 |   4.8
            +---------+---------+-------+---------+---------+-------
        D:1 |      32 |       0 |   0.0 |      14 |       0 |   0.0
        D:2 |      57 |      36 |  38.7 |       6 |       1 |  14.3
            +---------+---------+-------+---------+---------+-------
